 Dungeon Crawl Stone Soup version 0.29.1-13-g9f3cf754e1 (webtiles) character file.

Game seed: 9359615108267341426

134 DantalionR the Cudgeller (level 4, 36/36 HPs)
             Began as a Palentonga Gladiator on Sept 12, 2022.
             Was a Priest of Lugonu.
             Quit the game on level 3 of the Dungeon on Jan 25, 2023.
             The game lasted 00:22:27 (2393 turns).

DantalionR the Cudgeller (Palentonga Gladiator)     Turns: 2393, Time: 00:22:27

Health: 36/36      AC:  7    Str: 21    XL:     4   Next: 95%
Magic:  4/4        EV: 10    Int:  8    God:    Lugonu [***...]
Gold:   159        SH:  0    Dex: 12    Spells: 3/3 levels left

rFire   x . .      SeeInvis +   a - +0 flail
rCold   + . .      Faith    .   (no shield)
rNeg    . . .      Spirit   .   b - +0 leather armour
rPois   .          Reflect  .   c - +0 helmet
rElec   .          Harm     .   w - +0 cloak
rCorr   .          Rampage  .   e - +0 pair of gloves
Will    .....                   (no barding)
Stlth   +.........              (no amulet)
HPRegen 0.12/turn               l - +4 ring of slaying
MPRegen 0.09/turn               y - ring of ice

@: no status effects
A: large, rugged brown scales 3, see invisible, deformed body, roll 1, armoured
tail
a: Rolling Charge, Renounce Religion, Depart the Abyss, Bend Space, Banish


You were on level 3 of the Dungeon.
You worshipped Lugonu.
Lugonu was most pleased with you.
You visited 1 branch of the dungeon, and saw 4 of its levels.

You collected 159 gold pieces.

Inventory:

Hand Weapons
 a - a +0 flail (weapon)
 f - a +2 dagger of venom
 k - a +4 dagger
Missiles
 d - a throwing net (quivered)
 h - 5 poisoned darts
 q - a javelin
Armour
 b - a +0 leather armour (worn)
 c - a +0 helmet (worn)
 e - a +0 pair of gloves (worn)
 w - a +0 cloak (worn)
Jewellery
 l - a +4 ring of slaying (left hand)
 y - a ring of ice (right hand)
Scrolls
 j - a scroll of silence {unknown}
 m - a scroll of fear {unknown}
 n - 3 scrolls of teleportation {unknown}
 r - 2 scrolls of amnesia {unknown}
 u - 4 scrolls of enchant weapon {unknown}
 v - 3 scrolls of identify {unknown}
 z - a scroll of summoning {unknown}
 A - a scroll of enchant armour {unknown}
Potions
 g - 2 potions of lignification {unknown}
 i - 2 potions of curing {unknown}
 o - a potion of haste {unknown}
 p - 2 potions of resistance {unknown}
 s - 2 potions of mutation {unknown}
 t - 2 potions of brilliance {unknown}
 x - a potion of attraction {unknown}


   Skills:
 + Level 2.5 Fighting
 * Level 4.8 Maces & Flails
 + Level 1.4 Throwing
 + Level 0.4 Armour
 + Level 2.8 Dodging
 + Level 0.2 Stealth
 * Level 0.3 Invocations


You had 3 spell levels left.
You didn't know any spells.
Your spell library contained the following spells:

 Spells                   Type           Power      Damage    Failure   Level
 Hailstorm                Conj/Ice       0%         3d3       99%         4
 Ice Form                 Ice/Tmut       0%         N/A       99%         4
 Simulacrum               Ice/Necr       0%         N/A       100%        6


Dungeon Overview and Level Annotations

Branches:
Dungeon (4/15)
 Temple: D:4-7

Altars:
Lugonu


Innate Abilities, Weirdness & Mutations

You are completely covered in rugged brown scales. (AC +3, +7% HP)
You have supernaturally acute eyesight. (SInv)
Armour fits poorly on your strangely shaped body.
You can roll at nearby foes to attack.
You have a long armoured tail.


Message History

Lugonu accepts your kill.
Things that are here:
a +0 whip; an orc corpse You closely miss the orc.
The orc hits you with a +0 hand axe.
You sock the orc!
You kill the orc!
Lugonu accepts your kill.
Found 6 stones.
Things that are here:
a +0 hand axe; an orc corpse
Things that are here:
a +0 flail; a +0 hand axe; an orc corpse
Things that are here:
a +0 dagger; an orc corpse HP restored.
A - a scroll labelled ZENUHO GUHOKKOMI
Found a leather armour.
You see here a +0 leather armour.
A bat comes into view.
Found a stone staircase leading down.
Roll where?
Press: ? - help, Dir - move target, f - bat
Aim: a bat You roll forward with a clatter of scales!
You bludgeon the bat!!
You kill the bat!
Lugonu accepts your kill.
There is a stone staircase leading down here.
There is a stone staircase leading down here.
Found a stone staircase leading up.
Welcome back, DantalionR the Palentonga Gladiator.
Lugonu says: Spread carnage and corruption!
Press ? for a list of commands and other information.
Welcome back, DantalionR the Palentonga Gladiator.
Lugonu says: Spread carnage and corruption!
Press ? for a list of commands and other information.
Unknown command.
There are no items here.
Unknown command.
Are you sure you want to abandon this character and quit the game? (Confirm with "yes".)

#[##.#.#...######.#
#.# .#..........>.#
#.# .###...########
#( .# ##.##
#.####.# #......#
######.# ##.# #@.#
#.## #.# #.# #.#
#.# ... ..<


There were no monsters in sight!

Vanquished Creatures
  5 adders
  A worm (D:3)
  2 dart slugs
  9 orcs (D:3)
  3 endoplasms
  10 giant cockroaches
  8 goblins
  2 hobgoblins
  5 jackals
  2 kobolds (D:1)
  2 quokkas
  6 ball pythons
  6 bats
  3 frilled lizards
  4 rats
68 creatures vanquished.

Vanquished Creatures (others)
  2 plants (D:3)
2 creatures vanquished.

Grand Total: 70 creatures vanquished

Notes
Turn   | Place    | Note
-------+----------+-------------------------------------------
     0 | D:1      | DantalionR the Palentonga Gladiator began the quest for the
                  | Orb.
     0 | D:1      | Reached XP level 1. HP: 17/17 MP: 1/1
    72 | D:1      | Found a faded altar of an unknown god.
    84 | D:1      | Prayed at the altar of an unknown god.
    84 | D:1      | Became a worshipper of Lugonu the Unformed
    84 | D:1      | Reached * piety under Lugonu
    84 | D:1      | Reached ** piety under Lugonu
   294 | D:1      | Reached XP level 2. HP: 16/23 MP: 2/2
   924 | D:1      | Reached XP level 3. HP: 27/28 MP: 3/3
  1278 | D:2      | Reached skill level 4 in Maces & Flails
  1525 | D:2      | You fall into a shaft and drop 2 floors!
  1531 | D:4      | Noticed a black bear
  1545 | D:3      | Reached *** piety under Lugonu
  1547 | D:3      | Reached XP level 4. HP: 33/36 MP: 4/4
  2393 | D:3      | Upgraded the game from 0.29.0-15-g675c0067aa to
                  | 0.29.1-12-g30fa7ad0bf
  2393 | D:3      | Upgraded the game from 0.29.1-12-g30fa7ad0bf to
                  | 0.29.1-13-g9f3cf754e1
  2393 | D:3      | Quit the game

Illustrated notes

Levels and vault maps discovered:
D:1:      reono_arrival_mine, layout_loops_ring,
          ebering_ecumenical_altar_sacrificial, minmay_worlds_worst_comb
D:2:      kennysheep_six_static_rooms, layout_rooms
D:3:      layout_loops_ring, minmay_shallow_snake_nest, uniq_ijyb
D:4:      layout_cave_pools, amethyst_overflow_temple_binary, uniq_grinder,
          uniq_eustachio

Skill      XL: |  1  2  3 |
---------------+----------+-----
Maces & Flails | 4 |  4.8
Fighting       | |  2.5
Throwing       | |  1.4
Armour         | |  0.4
Dodging        | |  2.8
Stealth        | |  0.2
Invocations    | |  0.3

Action                   |  1- 3 |  4- 6 || total
-------------------------+-------+-------++-------
Melee: Flail             |    86 |    55 ||   141
       Tailslap          |     7 |     3 ||    10
Throw: Throwing net      |     2 |     2 ||     4
       Javelin           |     1 |       ||     1
Invok: Bend Space        |       |     2 ||     2
 Abil: Rolling Charge    |    15 |     6 ||    21
 Stab: Held in net/web   |     1 |     1 ||     2
Armor: Leather armour    |    54 |    15 ||    69
Dodge: Dodged            |    83 |    24 ||   107
